 Dungeon Crawl Stone Soup version 0.25-a0-317-g5f8687bca5 (webtiles) character file.

Game seed: 1763115648925460616, levelgen mode: deterministic

46 fgjungo the Skirmisher (level 3, -1/36 HPs)
             Began as a Gargoyle Berserker on Dec 27, 2019.
             Was a Follower of Trog.
             Slain by a goblin
             ... wielding a +0 club
             ... led by Robin
              (6 damage)
             ... on level 2 of the Dungeon.
             The game lasted 00:03:33 (903 turns).

fgjungo the Skirmisher (Gargoyle Berserker)          Turns: 903, Time: 00:03:34

Health: -1/36      AC:  9    Str: 26    XL:     3   Next: 66%
Magic:  3/3        EV: 10    Int:  7    God:    Trog [*.....]
Gold:   32         SH:  0    Dex:  9    Spells: 2/2 levels left

rFire    . . .     SeeInvis .   a - +0 mace
rCold    . . .     Gourm    .   (no shield)
rNeg     + . .     Faith    .   h - +0 scale mail (curse)
rPois    ∞         Spirit   .   (no helmet)
rElec    +         Reflect  .   (no cloak)
rCorr    .         Harm     .   (no gloves)
MR       .....                  (no boots)
Stlth    ..........             (no amulet)
HPRegen  0.12/turn              (no ring)
MPRegen  0.08/turn              (no ring)

@: berserking (expiring), very quick
A: negative energy resistance 1, electricity resistance, unbreathing,
petrification resistance, rot immunity, AC +3
a: Berserk, Renounce Religion


You were on level 2 of the Dungeon.
You worshipped Trog.
Trog was aware of your devotion.
You were hungry.

You visited 1 branch of the dungeon, and saw 2 of its levels.

You collected 32 gold pieces.

Inventory:

Hand Weapons
 a - a +0 mace (weapon)
Armour
 b - a +0 animal skin
 h - a cursed +0 scale mail (worn)
Scrolls
 d - a scroll of magic mapping {unknown}
 e - 2 scrolls of random uselessness {unknown}
 g - a scroll of remove curse {unknown}
 i - a scroll of identify {unknown}
 k - a scroll of fog {unknown}
Potions
 f - 2 potions of heal wounds {unknown}
 j - a potion of ambrosia {unknown}
Comestibles
 c - 3 rations


   Skills:
 + Level 3.9 Fighting
 + Level 3.6 Maces & Flails
 + Level 2.6 Armour
 + Level 1.8 Dodging
 + Level 0.2 Stealth


You had 2 spell levels left.
You didn't know any spells.
Your spell library was empty.

Dungeon Overview and Level Annotations

Branches:
Dungeon (1/15)

Altars:


Innate Abilities, Weirdness & Mutations

You are resistant to torment.
Your stone body is resilient. (AC +3)
You are immune to poison.
You resist negative energy. (rN+)
You are resistant to electric shocks. (rElec)
You can survive without breathing.
You are immune to petrification.
You are immune to rotting.


Message History

You thump the goblin!
You kill the goblin!
Trog accepts your kill. The goblin hits you but does no damage.
The hobgoblin hits you but does no damage.
The goblin hits you with a +0 club.
* * * LOW HITPOINT WARNING * * *
The goblin hits you but does no damage. The goblin barely misses you.
The goblin hits you but does no damage.
You are too berserk!
You are too berserk!
You are too berserk!
You are too berserk!
You barely miss the goblin. The goblin misses you.
The hobgoblin hits you but does no damage.
The goblin barely misses you.
The goblin hits you but does no damage. x2
The goblin closely misses you.
You barely miss the goblin. The hobgoblin barely misses you.
The goblin hits you with a +0 club.
You die...

.. ... . . ##..
.. . .... . ...#.
#..# ..
.....##..# .#
.........####.###
......))g........
......g@g.[...#
...##.ggg.....#
#.#.......#
#.#.....(.#
#.........#
####....(...#
#.....(.....#
#...........#
#...........#


You could see a hobgoblin and 5 goblins.

Vanquished Creatures
  Robin (D:2)
  A dart slug (D:1)
  A worm (D:2)
  9 goblins
  3 hobgoblins
  4 jackals (D:1)
  A ball python (D:1)
  3 bats (D:1)
  3 frilled lizards (D:1)
  3 rats (D:1)
29 creatures vanquished.

Notes
Turn   | Place    | Note
-------+----------+-------------------------------------------
     0 | D:1      | fgjungo the Gargoyle Berserker began the quest for the Orb.
     0 | D:1      | Reached XP level 1. HP: 14/14 MP: 1/1
   335 | D:1      | Reached XP level 2. HP: 18/19 MP: 2/2
   836 | D:1      | Reached XP level 3. HP: 23/24 MP: 3/3
   871 | D:1      | You fall into a shaft and drop 1 floor!
   888 | D:2      | Noticed Robin
   900 | D:2      | Killed Robin
   903 | D:2      | Slain by a goblin

Levels and vault maps discovered:
D:1:      sevenhm_arrival_forest_fort_small_6, layout_basic
D:2:      layout_rooms, first_ration, hangedman_decor_points,
          minmay_tromino_v4_a, uniq_natasha, uniq_robin

Action                   || total
-------------------------++-------
Melee: Mace              ||    99
Invok: Berserk           ||     1
Armor: Animal skin       ||     8
       Scale mail        ||   103
Dodge: Dodged            ||    99

Table legend:
 A = Non-vault XP
 B = Vault XP
 C = Vault XP percentage of total XP
 D = Non-vault monster count
 E = Vault monster count
 F = Vault count percentage of total count
                 A         B        C        D         E       F
            +---------+---------+-------+---------+---------+-------
      Total |      43 |      23 |  34.8 |      24 |       5 |  17.2
            +---------+---------+-------+---------+---------+-------
        D:1 |      37 |       0 |   0.0 |      22 |       0 |   0.0
        D:2 |       6 |      23 |  79.3 |       2 |       5 |  71.4
            +---------+---------+-------+---------+---------+-------
